 Dungeon Crawl Stone Soup version 0.24.0-35-gdb84b6a5db (webtiles) character file.

Game seed: 5840182121781170767, levelgen mode: deterministic

67 Katsumi the Changer (level 3, 0/15 HPs)
             Began as a Felid Transmuter on Nov 18, 2019.
             Succumbed to an adder's poison
             ... on level 2 of the Dungeon.
             The game lasted 00:01:52 (2679 turns).

Katsumi the Changer (Felid Transmuter)              Turns: 2679, Time: 00:01:53

Health: 0/15       AC:  4    Str: 11    XL:     3   Next: 98%
Magic:  2/7        EV: 23    Int: 15    God:
Gold:   31         SH:  0    Dex: 21    Spells: 3/6 levels left
                                        Lives:  0   Deaths: 0

rFire    + + .     SeeInvis +     - Unarmed
rCold    . . .     Gourm    .   (shield unavailable)
rNeg     . . .     Faith    .   (armour unavailable)
rPois    .         Spirit   .   (helmet unavailable)
rElec    .         Reflect  .   (cloak unavailable)
rCorr    .         Harm     .   (gloves unavailable)
MR       .....     Clarity  +   (boots unavailable)
Stlth    +++.......             (no amulet)
HPRegen  0.05/turn              f - ring of protection from fire
MPRegen  0.10/turn              n - ring of protection from fire

@: mighty, agile, lethally poisoned (0 -> -7), appendage (expiring), quick
A: very small, no armour, no weapons or thrown items, stealth, claws 1, fangs 3,
horns 2, slimy green scales 2, see invisible, carnivore, clarity, speed 1,
shaggy fur 1, slow metabolism 1, wild magic 1, sharp paws
a: End Transformation


You were on level 2 of the Dungeon.
You were completely stuffed.
You had grown temporary horns.
You visited 1 branch of the dungeon, and saw 2 of its levels.

You collected 31 gold pieces.

Inventory:

Missiles
 a - 27 arrows
Jewellery
 f - a ring of protection from fire (left paw)
 n - a ring of protection from fire (right paw)
Scrolls
 d - 2 scrolls of random uselessness {unknown}
 e - a scroll of enchant armour {unknown}
 g - a scroll of teleportation {unknown}
 h - a scroll of identify {unknown}
 j - a scroll of blinking {unknown}
 l - a scroll of remove curse {unknown}
Potions
 b - a potion of mutation
Comestibles
 c - 4 rations
 m - 2 chunks of flesh


   Skills:
 - Level 1.0 Fighting
 - Level 2.6 Dodging
 - Level 3.0 Unarmed Combat
 - Level 2.0 Spellcasting
 + Level 4.7 Transmutations


You had 3 spell levels left.
You knew the following spells:

 Your Spells              Type           Power        Failure   Level  Hunger
a - Beastly Appendage     Tmut           ###...       5%          1    #......
b - Sticks to Snakes      Tmut           ###.....     8%          2    ###....

Your spell library contained the following spells:

 Spells                   Type           Power        Failure   Level  Hunger
 Spider Form              Tmut/Pois      ##........   34%         3    ###....
 Ice Form                 Ice/Tmut       ##......     71%         4    #####..
 Blade Hands              Tmut           ###.......   73%         5    ######.


Dungeon Overview and Level Annotations

Branches:
Dungeon (2/15)

Altars:


Innate Abilities, Weirdness & Mutations

You cannot wear armour.
You are incapable of wielding weapons or throwing items.
Your paws allow you to move quietly. (Stealth)
You have sharp claws.
You have razor-sharp teeth.
You have supernaturally acute eyesight. (SInv)
You are carnivorous and can eat meat at any time.
You cover ground quickly.
You are covered in fur. (AC +1)
You have a slow metabolism.
Your sharp claws are effective at attacking unaware monsters.
You have a pair of horns on your head.
You are mostly covered in slimy green scales. (AC +3)
You possess an exceptional clarity of mind.
Your spells are a little harder to cast, but a little more powerful.


Message History

You feel agile all of a sudden.
* * * LOW HITPOINT WARNING * * *
You feel sick. The adder completely misses you.
Your ball python completely misses the adder.
Your ball python misses the adder.
Unknown command.
It was a potion of might.
You feel very mighty all of a sudden.
Your transformation is almost over.
The adder misses you.
Your ball python bites the adder but does no damage.
Your ball python closely misses the adder.
The adder completely misses you.
Unknown command.
You closely miss the adder. You headbutt the adder!
You kill the adder!
Unknown command.
You claw the worm! You headbutt the worm!
You kill the worm!
Unknown command.
You die...

..## ...#
##########...### ...#
#.÷...........> ...#
#.########....###
...#######.###....
......
...............# #...#
.#########.#######
#...# .#
#..........###..[# (#
#.##.#####@Sl....#####
.# # #.# #####.......#
.# #.# #......... )#
#.# ........... .# #.#
#.##......## ÷# #.# #.
#......# .#### #.. .
...#.#.# ....# ##
#.##.#... ###.# ... ..
#.


You could see a frilled lizard and a friendly ball python.

Vanquished Creatures
  2 adders (D:2)
  An ooze (D:1)
  A worm (D:2)
  A dart slug (D:1)
  2 leopard geckos
  4 bats
  3 giant cockroaches
  6 goblins
  7 hobgoblins
  A kobold (D:1)
  3 quokkas (D:2)
  3 frilled lizards
  3 rats
37 creatures vanquished.

Notes
Turn   | Place    | Note
-------+----------+-------------------------------------------
     0 | D:1      | Katsumi the Felid Transmuter began the quest for the Orb.
     0 | D:1      | Reached XP level 1. HP: 9/9 MP: 4/4
   328 | D:1      | Reached skill level 3 in Transmutations
   330 | D:1      | Reached XP level 2. HP: 12/12 MP: 4/6
   343 | D:1      | Learned a level 2 spell: Sticks to Snakes
  1160 | D:1      | Reached XP level 3. HP: 10/15 MP: 5/7
  1527 | D:2      | Reached skill level 4 in Transmutations
  2674 | D:2      | Gained mutation: You are partially covered in slimy green
                  | scales. (AC +2) [potion of mutation]
  2674 | D:2      | Gained mutation: You possess an exceptional clarity of
                  | mind. [potion of mutation]
  2674 | D:2      | Gained mutation: Your spells are a little harder to cast,
                  | but a little more powerful. [potion of mutation]
  2674 | D:2      | Gained mutation: You are mostly covered in slimy green
                  | scales. (AC +3) [potion of mutation]
  2679 | D:2      | Succumbed to an adder's poison

Levels and vault maps discovered:
D:1:      dpeg_arrival_prison, layout_basic
D:2:      layout_loops_ring, serial_park_tiny_pond, tgw_fedhas

Skill      XL: |  1  2  3 |
---------------+----------+-----
Transmutations | 3 4 |  4.7
Fighting       | |  1.0
Dodging        | |  2.6
Unarmed Combat | |  3.0
Spellcasting   | |  2.0

Action                   || total
-------------------------++-------
Melee: Unarmed           ||   121
       Headbutt          ||    11
       Bite              ||     8
       Punch             ||     2
 Cast: Beastly Appendage ||    29
       Sticks to Snakes  ||     4
  Use: Potion            ||     3
 Stab: Sleeping          ||     3
  Eat: Chunk             ||    12
Armor: Skin              ||     5
Dodge: Dodged            ||   127
